2336 views
Uploaded 2021-08-23 14:13:30
Game version 1.32.10
39:58 long 1on1 ladder game on (2)ConcealedHill
Saved by xzz
2336 views
Uploaded 2021-08-23 14:13:30
Game version 1.32.10
39:58 long 1on1 ladder game on (2)ConcealedHill

31 units @ 3.9k
/ 0.8k
70 buildings @ 9.2k
/ 5.7k

| Lesser Clarity Potion | 13 | 910 |
| Scroll of Speed | 6 | 300 |
| Healing Salve | 3 | 300 |
| Potion of Healing | 5 | 750 |
| Orb of Lightning | 2 | 750 |
| Potion of Mana | 3 | 600 |
| Potion of Invisibility | 1 | 100 |
| Potion of Lesser Invulnerability | 1 | 150 |
| Boots of Speed | 1 | 250 |
| total: | 35 | 4110g |
| Peon | 12 | 900 | / | 0 |
| Troll Batrider | 19 | 3040 | / | 760 |
| total: | 31 | 3940g | / | 760w |
| Watch Tower | 55 | 6050 | / | 4400 |
| Altar of Storms | 1 | 180 | / | 50 |
| Orc Burrow | 4 | 640 | / | 160 |
| Voodoo Lounge | 1 | 130 | / | 30 |
| War Mill | 2 | 410 | / | 0 |
| Barracks | 1 | 180 | / | 50 |
| Great Hall | 3 | 1155 | / | 555 |
| Beastiary | 3 | 435 | / | 420 |
| Stronghold | 3 | 945 | / | 570 |
| Fortress | 2 | 650 | / | 380 |
| total: | 70 | 9180g | / | 5665w |
| 0:05 | Peon |
| 0:05 | Peon |
| 0:09 | Altar of Storms |
| 0:11 | Orc Burrow |
| 0:15 | Peon |
| 0:52 | Peon |
| 0:56 | Voodoo Lounge |
| 1:02 | Peon |
| 1:24 | Peon |
| 1:25 | Peon |
| 1:58 | Stronghold |
| 2:12 | Lesser Clarity Potion |
| 2:12 | Scroll of Speed |
| 2:16 | Wind Walk |
| 2:26 | War Mill |
| 4:16 | Watch Tower |
| 4:18 | Watch Tower |
| 4:27 | Beastiary |
| 4:31 | Watch Tower |
| 4:34 | Watch Tower |
| 4:38 | Peon |
| 4:39 | Peon |
| 4:44 | Healing Salve |
| 4:45 | Lesser Clarity Potion |
| 4:45 | Scroll of Speed |
| 4:52 | Peon |
| 4:57 | Orc Burrow |
| 5:06 | Lesser Clarity Potion |
| 5:17 | Peon |
| 5:17 | Peon |
| 5:30 | Beastiary |
| 5:57 | Troll Batrider |
| 6:05 | Orc Burrow |
| 6:14 | Troll Batrider |
| 6:46 | Critical Strike |
| 6:59 | Troll Batrider |
| 7:00 | Fortress |
| 7:28 | Orc Burrow |
| 7:32 | Troll Batrider |
| 7:38 | Lesser Clarity Potion |
| 7:54 | Troll Batrider |
| 8:01 | Lesser Clarity Potion |
| 8:17 | Troll Batrider |
| 8:24 | Reinforced Defenses |
| 8:37 | Watch Tower |
| 8:53 | Troll Batrider |
| 9:12 | Troll Batrider |
| 9:23 | Potion of Invisibility |
| 9:37 | Liquid Fire |
| 9:41 | Troll Batrider |
| 10:20 | Steel Ranged Weapons |
| 10:37 | Troll Batrider |
| 10:41 | Healing Salve |
| 10:41 | Lesser Clarity Potion |
| 10:41 | Scroll of Speed |
| 11:03 | Potion of Healing |
| 11:04 | Lesser Clarity Potion |
| 11:32 | Troll Batrider |
| 11:42 | Lesser Clarity Potion |
| 11:47 | Potion of Healing |
| 11:51 | Lesser Clarity Potion |
| 11:51 | Scroll of Speed |
| 12:50 | Wind Walk |
| 13:07 | Troll Batrider |
| 13:56 | Troll Batrider |
| 13:58 | Steel Armor |
| 14:02 | Beastiary |
| 14:44 | Orb of Lightning |
| 14:45 | Potion of Healing |
| 14:45 | Potion of Mana |
| 14:46 | Lesser Clarity Potion |
| 14:47 | Scroll of Speed |
| 14:56 | Barracks |
| 15:05 | Lesser Clarity Potion |
| 16:08 | Troll Batrider |
| 16:29 | Potion of Healing |
| 16:29 | Potion of Mana |
| 16:32 | Healing Salve |
| 16:32 | Lesser Clarity Potion |
| 16:32 | Scroll of Speed |
| 17:03 | Critical Strike |
| 17:52 | Troll Batrider |
| 17:52 | Troll Batrider |
| 18:35 | Lesser Clarity Potion |
| 18:36 | Potion of Mana |
| 18:36 | Potion of Healing |
| 20:36 | Troll Batrider |
| 20:37 | Troll Batrider |
| 20:37 | Troll Batrider |
| 20:40 | Potion of Lesser Invulnerability |
| 21:25 | Troll Regeneration |
| 21:27 | Thorium Ranged Weapons |
| 21:27 | Thorium Armor |
| 21:34 | Wind Walk |
| 21:38 | Boots of Speed |
| 24:59 | Great Hall |
| 29:25 | Watch Tower |
| 29:26 | Watch Tower |
| 29:26 | Watch Tower |
| 29:27 | Watch Tower |
| 29:28 | Watch Tower |
| 29:28 | Watch Tower |
| 29:29 | Watch Tower |
| 29:30 | Watch Tower |
| 30:10 | Great Hall |
| 30:17 | Great Hall |
| 30:41 | Watch Tower |
| 30:42 | Watch Tower |
| 30:43 | Watch Tower |
| 30:43 | Watch Tower |
| 30:44 | Watch Tower |
| 30:44 | Watch Tower |
| 30:45 | Watch Tower |
| 30:46 | Watch Tower |
| 30:46 | Watch Tower |
| 30:48 | Watch Tower |
| 30:49 | Watch Tower |
| 30:50 | Watch Tower |
| 30:53 | Watch Tower |
| 30:55 | Watch Tower |
| 30:56 | Watch Tower |
| 30:58 | Watch Tower |
| 31:01 | Watch Tower |
| 31:04 | Watch Tower |
| 31:07 | Watch Tower |
| 31:10 | Watch Tower |
| 31:25 | Watch Tower |
| 31:28 | Watch Tower |
| 31:30 | Watch Tower |
| 31:31 | Watch Tower |
| 31:32 | Watch Tower |
| 31:33 | Watch Tower |
| 31:36 | Watch Tower |
| 31:38 | Watch Tower |
| 31:40 | Watch Tower |
| 33:12 | Spiked Barricades |
| 33:24 | War Mill |
| 33:47 | Watch Tower |
| 34:22 | Improved Spiked Barricades |
| 34:37 | Stronghold |
| 35:04 | Watch Tower |
| 35:05 | Watch Tower |
| 35:06 | Watch Tower |
| 35:07 | Watch Tower |
| 35:08 | Watch Tower |
| 35:09 | Watch Tower |
| 35:11 | Watch Tower |
| 35:12 | Watch Tower |
| 36:35 | Orb of Lightning |
| 37:11 | Stronghold |
| 37:14 | Fortress |
| 37:45 | Watch Tower |
| 37:50 | Watch Tower |
| 37:55 | Watch Tower |
| 38:41 | Watch Tower |
| Right click | 1652 |
| Select | 455 |
| Build/train/purchase | 173 |
| Select group | 63 |
| Assign group | 30 |
| Misc. action | 18 |
| Use ability | 11 |
| Item give/drop | 10 |
| Chat | 8 |
| Esc | 4 |
33 units @ 2.9k
/ 0.3k
15 buildings @ 3.5k
/ 1.7k

| Dust of Appearance | 1 | 75 |
| Scroll of Healing | 2 | 500 |
| Boots of Speed | 1 | 250 |
| Circlet of Nobility | 1 | 175 |
| Periapt of Vitality | 1 | 325 |
| total: | 6 | 1325g |
| Wisp | 23 | 1380 | / | 0 |
| Archer | 8 | 1040 | / | 80 |
| Goblin Sapper | 2 | 430 | / | 200 |
| total: | 33 | 2850g | / | 280w |
| Altar of Elders | 1 | 180 | / | 50 |
| Moon Well | 4 | 720 | / | 160 |
| Ancient of War | 1 | 150 | / | 60 |
| Ancient of Wonders | 1 | 90 | / | 30 |
| Hunter's Hall | 1 | 210 | / | 100 |
| Tree of Life | 6 | 2040 | / | 1110 |
| Ancient of Lore | 1 | 155 | / | 145 |
| Tree of Ages | 2 | 640 | / | 360 |
| Tree of Eternity | 1 | 330 | / | 200 |
| total: | 15 | 3545g | / | 1655w |
| 0:04 | Altar of Elders |
| 0:05 | Wisp |
| 0:06 | Wisp |
| 0:06 | Wisp |
| 0:11 | Moon Well |
| 0:36 | Ancient of War |
| 0:47 | Wisp |
| 0:53 | Wisp |
| 1:00 | Wisp |
| 1:32 | Wisp |
| 1:37 | Archer |
| 1:48 | Moon Well |
| 2:25 | Mana Burn |
| 3:12 | Wisp |
| 3:12 | Wisp |
| 3:12 | Wisp |
| 3:30 | Archer |
| 3:30 | Archer |
| 3:30 | Archer |
| 3:30 | Archer |
| 4:23 | Wisp |
| 4:24 | Wisp |
| 4:24 | Wisp |
| 4:29 | Ancient of Wonders |
| 5:01 | Boots of Speed |
| 5:03 | Circlet of Nobility |
| 5:04 | Periapt of Vitality |
| 5:11 | Evasion |
| 5:21 | Tree of Ages |
| 5:38 | Moon Well |
| 6:02 | Archer |
| 6:03 | Archer |
| 6:03 | Archer |
| 6:37 | Hunter's Hall |
| 6:55 | Moon Well |
| 7:51 | Wisp |
| 7:51 | Wisp |
| 7:51 | Wisp |
| 7:51 | Wisp |
| 8:02 | Mana Burn |
| 8:14 | Tree of Life |
| 8:35 | Wisp |
| 8:35 | Wisp |
| 9:45 | Ancient of Lore |
| 10:33 | Evasion |
| 10:48 | Tree of Eternity |
| 11:37 | Tree of Life |
| 11:52 | Strength of the Moon |
| 12:00 | Druid of the Claw Adept Training |
| 12:05 | Strength of the Wild |
| 14:18 | Tree of Life |
| 14:39 | Tree of Life |
| 15:13 | Goblin Sapper |
| 15:31 | Goblin Sapper |
| 15:46 | Mana Burn |
| 17:20 | Tree of Life |
| 18:01 | Dust of Appearance |
| 19:07 | Tree of Life |
| 19:42 | Wisp |
| 19:42 | Wisp |
| 19:42 | Wisp |
| 19:42 | Wisp |
| 20:46 | Scroll of Healing |
| 20:51 | Scroll of Healing |
| Right click | 839 |
| Select | 299 |
| Build/train/purchase | 55 |
| Use ability | 33 |
| Item give/drop | 4 |
| Select group | 4 |
| Misc. action | 3 |
| Assign group | 2 |
| Remove unit | 1 |